 Dungeon Crawl Stone Soup version 0.31-a0-354-g827e0957a7 (webtiles) character file.

Game seed: 16607099032807657067

37 bobarctor the Magician (level 3, -2/19 HPs)
             Began as a Deep Elf Hedge Wizard on July 23, 2023.
             Slain by a scorpion zombie (4 damage)
             ... on level 3 of the Dungeon.
             The game lasted 00:09:38 (1688 turns).

bobarctor the Magician (Deep Elf Hedge Wizard)      Turns: 1688, Time: 00:09:39

Health: -2/19      AC:  2    Str: 13    XL:     3   Next: 23%
Magic:  0/12       EV: 12    Int: 26    God:
Gold:   149        SH:  0    Dex: 14    Spells: 10/13 levels left

rFire   . . .        a - +0 dagger
rCold   . . .        (no shield)
rNeg    . . .        b - +0 robe
rPois   .            c - +0 hat
rElec   .            (no cloak)
rCorr   .            (no gloves)
SInv    .            (no boots)
Will    .....        (no amulet)
Stlth   ++           n - +6 ring of strength
HPRegen 0.23/turn    u - +6 ring of intelligence
MPRegen 0.13/turn

%: no passive effects
@: no status effects
A: no striking features
a: no special abilities


You were on level 3 of the Dungeon.
You visited 1 branch of the dungeon, and saw 3 of its levels.

You collected 149 gold pieces.

Inventory:

Hand Weapons
 a - a +0 dagger (weapon)
Missiles
 g - 4 poisoned darts
 t - 4 silver javelins
Armour
 b - a +0 robe (worn)
 c - a +0 hat (worn)
Magical Staves
 h - a staff of earth
Jewellery
 f - a ring of fire
 n - a +6 ring of strength (left hand)
 u - a +6 ring of intelligence (right hand)
Talismans
 k - a beast talisman
 m - a maw talisman
Scrolls
 i - 2 scrolls of identify {unknown}
 j - 2 scrolls of amnesia {unknown}
 l - 2 scrolls of noise {unknown}
 p - a scroll of fog {unknown}
 v - a scroll of poison {unknown}
Potions
 d - a potion of magic
 e - a potion of haste {unknown}
 o - a potion of resistance {unknown}
 q - a potion of degeneration {unknown}
 r - 3 potions of attraction {unknown}
 s - a potion of brilliance {unknown}


   Skills:
 + Level 2.5 Dodging
 + Level 2.5 Stealth
 * Level 5.8 Spellcasting
 + Level 1.5 Conjurations
 + Level 1.1 Summonings
 + Level 1.1 Translocations


You had 10 spell levels left.
You knew the following spells:

 Your Spells              Type           Power      Damage    Failure   Level
a - Magic Dart            Conj           60%        1d6       3%          1
b - Blink                 Tloc           26%        N/A       7%          2

Your spell library contained the following spells:

 Spells                   Type           Power      Damage    Failure   Level
 Slow                     Hex            28%        N/A       7%          1
 Call Imp                 Summ           26%        N/A       7%          2
 Cigotuvi's Dreadful Rot  Necr/Pois/Air  14%        N/A       11%         2
 Mephitic Cloud           Conj/Pois/Air  10%        N/A       17%         3


Dungeon Overview and Level Annotations

Branches:
Dungeon (3/15)

Altars:
Cheibriados

Shops:
D:2 *


Message History

Press: ? - help, Q - select action, (/) - cycle Shift-Dir - straight line, f/p - scorpion zombie
Aim: a scorpion zombie (severely damaged, 100% to hit)
The magic dart hits the scorpion zombie.
The scorpion zombie is severely damaged.
The scorpion zombie barely misses you.
Aiming: Magic Dart (safe; 3% risk of failure)
Press: ? - help, Q - select action, (/) - cycle Shift-Dir - straight line, f/p - scorpion zombie
Aim: a scorpion zombie (severely damaged, 100% to hit)
The magic dart hits the scorpion zombie.
The scorpion zombie is severely damaged.
The scorpion zombie completely misses you.
Aiming: Magic Dart (safe; 3% risk of failure)
Press: ? - help, Q - select action, (/) - cycle Shift-Dir - straight line, f/p - scorpion zombie
Aim: a scorpion zombie (severely damaged, 100% to hit)
The magic dart hits the scorpion zombie.
The scorpion zombie is almost destroyed.
The scorpion zombie hits you.
Aiming: Magic Dart (safe; 3% risk of failure)
Press: ? - help, Q - select action, (/) - cycle Shift-Dir - straight line, f/p - scorpion zombie
Aim: a scorpion zombie (almost destroyed, 100% to hit)
The magic dart hits the scorpion zombie but does no damage.
The scorpion zombie is almost destroyed.
The scorpion zombie hits you.
You don't have enough magic to cast this spell.
You don't have enough magic to cast this spell.
You completely miss the scorpion zombie.
The scorpion zombie is almost destroyed.
The scorpion zombie barely misses you.
You hit the scorpion zombie.
The scorpion zombie is almost destroyed.
The scorpion zombie hits you.
* * * LOW HITPOINT WARNING * * *
The scorpion zombie attacks as you move away!
The scorpion zombie hits you but does no damage.
The scorpion zombie attacks as you move away!
The scorpion zombie hits you.
* * * LOW HITPOINT WARNING * * *
The scorpion zombie attacks as you move away!
The scorpion zombie hits you.
You die...

#........#
#.######.#
#.#...<#.#
#.#.#..#.#
#.#.#..#.#
#.#.#..#.#
#.#.####.#
#.#....#.#
#.####.#@#
#......#Z#
########.#
...#.#
#.#.#
#...#
#...###
.......
####...


You could see a scorpion zombie.

Vanquished Creatures
  An adder (D:2)
  A dart slug (D:2)
  4 ball pythons
  6 endoplasms
  A giant cockroach (D:1)
  A quokka (D:1)
  5 bats (D:1)
  3 frilled lizards
  A kobold (D:1)
  4 rats
27 creatures vanquished.

Notes
Turn   | Place    | Note
-------+----------+-------------------------------------------
     0 | D:1      | bobarctor the Deep Elf Hedge Wizard began the quest for the
                  | Orb.
     0 | D:1      | Reached XP level 1. HP: 10/10 MP: 7/7
   237 | D:1      | Reached skill level 5 in Spellcasting
   313 | D:1      | Reached XP level 2. HP: 15/15 MP: 2/10
   316 | D:1      | Learned a level 2 spell: Blink
   449 | D:1      | Found a faded altar of an unknown god.
   773 | D:2      | Upgraded the game from 0.31-a0-345-g1ebeae05c6 to
                  | 0.31-a0-354-g827e0957a7
   774 | D:2      | Found a snail-covered altar of Cheibriados.
  1278 | D:2      | Reached XP level 3. HP: 19/19 MP: 6/12
  1332 | D:2      | Found Oqualif's Assorted Antiques.
  1688 | D:3      | Slain by a scorpion zombie

Illustrated notes

Levels and vault maps discovered:
D:1:      amcnicky_arrival_feature_with_door, layout_rooms,
          basic_ecumenical_altar
D:2:      layout_basic, serial_shops, nicolae_shop_hallway_stairs, basic_altar
D:3:      layout_basic, serial_undead, serial_undead_a, serial_undead_e,
          serial_undead_e, serial_undead_e, serial_undead_d, serial_undead_e,
          serial_undead_b, kennysheep_cluttered_room,
          minmay_misc_feat_nine_boxes, uniq_sigmund, uniq_terence

Skill      XL: |  1 |
---------------+----+-----
Spellcasting   | 5 |  5.8
Dodging        | |  2.5
Stealth        | |  2.5
Conjurations   | |  1.5
Summonings     | |  1.1
Translocations | |  1.1

Action                     || total
---------------------------++-------
  Melee: Dagger            ||     2
   Cast: Magic Dart        ||    78
 Armour: Robe              ||     3
  Dodge: Dodged            ||    12

Table legend: (Time is in decaauts)
 A = Elapsed time spent in this place.
 B = Non-inter-level travel time spent in this place.
 C = Inter-level travel time spent in this place.
 D = Time resting spent in this place.
 E = Time spent auto-exploring this place.
 F = Levels seen in this place.
 G = Mean time per level.
                   A        B        C        D        E       F      G
               +--------+--------+--------+--------+--------+-----+--------+
         Total |   1686 |   1683 |      3 |    283 |   1196 |   3 |  562.0 |
       Dungeon |   1686 |   1683 |      3 |    283 |   1196 |   3 |  562.0 |
               +--------+--------+--------+--------+--------+-----+--------+

Top non-repeatable levels by time:
     D:2: 849 daAuts
     D:1: 771 daAuts
     D:3: 65 daAuts
